 Dungeon Crawl Stone Soup version 0.28-a0-1555-g9ae15a6949 (webtiles) character file.

Game seed: 16266276464632695306

1696 buddhastalin the Slicer (level 9, -1/84 HPs)
             Began as a Kobold Berserker on Jan 19, 2022.
             Was a Priest of Trog.
             Engulfed by a steam dragon's steam (3 damage)
             ... on level 6 of the Dungeon.
             The game lasted 00:10:00 (7159 turns).

buddhastalin the Slicer (Kobold Berserker)          Turns: 7159, Time: 00:10:01

Health: -1/84      AC:  4    Str: 24    XL:     9   Next: 23%
Magic:  9/9        EV: 18    Int:  8    God:    Trog [***...]
Gold:   292        SH:  0    Dex: 15    Spells: 8/8 levels left

rFire   . . .      SeeInvis .   a - +1 dagger (vamp)
rCold   . . .      Faith    .   (no shield)
rNeg    . . .      Spirit   .   b - +0 animal skin
rPois   .          Reflect  .   (no helmet)
rElec   .          Harm     .   (no cloak)
rCorr   .          Rampage  .   (no gloves)
Will    .....                   l - +1 pair of boots
Stlth   ..........              (no amulet)
HPRegen 0.24/turn               f - +6 ring of strength
MPRegen 0.11/turn               (no ring)

@: berserking, very quick
A: small, no large weapons, nightstalker 3
a: Renounce Religion, Berserk, Trog's Hand


You were on level 6 of the Dungeon.
You worshipped Trog.
Trog was most pleased with you.
You visited 1 branch of the dungeon, and saw 6 of its levels.

You collected 292 gold pieces.

Inventory:

Hand Weapons
 a - a +1 vampiric dagger (weapon)
Missiles
 k - 13 poisoned darts (quivered)
 q - 3 throwing nets
Armour
 b - a +0 animal skin (worn)
 l - a +1 pair of boots (worn)
Jewellery
 f - a +6 ring of strength (left hand)
Wands
 c - a wand of charming (7)
Scrolls
 e - a scroll of brand weapon {unknown}
 g - a scroll of holy word {unknown}
 h - 2 scrolls of teleportation
 i - 3 scrolls of identify
 o - a scroll of amnesia {unknown}
 r - 2 scrolls of noise {unknown}
 s - a scroll of magic mapping {unknown}
 u - 2 scrolls of enchant armour {unknown}
Potions
 d - a potion of might {unknown}
 j - a potion of attraction {unknown}
 m - 2 potions of haste {unknown}
 n - a potion of invisibility
 p - a potion of flight {unknown}
 t - a potion of heal wounds {unknown}


   Skills:
 + Level 6.9 Fighting
 * Level 11.1 Short Blades
 - Level 1.5 Armour
 + Level 7.1 Dodging


You had 8 spell levels left.
You didn't know any spells.
Your spell library was empty.

Dungeon Overview and Level Annotations

Branches:
Dungeon (6/15)             Temple (0/1) D:5

Altars:
Elyvilon
Fedhas

Shops:
D:1 :[[   D:6 :


Innate Abilities, Weirdness & Mutations

You are small and have problems with some larger weapons.
You are completely attuned to the shadows.


Message History

The steam dragon is heavily wounded.
The steam dragon bites you. The steam dragon completely misses you.
You hit the steam dragon but do no damage.
The steam dragon is heavily wounded.
You hit the steam dragon but do no damage.
The steam dragon is heavily wounded.
The steam dragon breathes steam at you. The ball of steam hits you!!
You are too injured to fight recklessly!
You are too injured to fight recklessly!
The steam dragon closely misses you.
The steam dragon claws you but does no damage.
You hit the steam dragon but do no damage.
The steam dragon is heavily wounded.
You hit the steam dragon but do no damage.
The steam dragon is heavily wounded.
The steam dragon breathes steam at you. The ball of steam misses you.
You hit the steam dragon.
The steam dragon is severely wounded.
You are engulfed in a cloud of scalding steam.
The steam dragon breathes steam at you. The ball of steam hits you!
* * * LOW HITPOINT WARNING * * *
The steam dragon bites you but does no damage.
The steam dragon claws you.
* * * LOW HITPOINT WARNING * * *
A red film seems to cover your vision as you go berserk!
You feel yourself moving faster!
You feel mighty! The steam dragon misses you.
The steam dragon barely misses you.
You completely miss the steam dragon.
The steam dragon is heavily wounded.
You are engulfed in a cloud of scalding steam.
* * * LOW HITPOINT WARNING * * *
The steam dragon misses you. The steam dragon claws you.
* * * LOW HITPOINT WARNING * * *
You hit the steam dragon.
You feel better.
The steam dragon is severely wounded.
You are engulfed in a cloud of scalding steam.
You die...

#### ...# ...#
...# ...# ...#
#### #'##
####..# ...#
#..§§.######
...#
#.§...D@....
...#
#####.#.§§§..#
...#
###.....#§§....#
####
.....#..#.##...#
## #W.###.#..#.#
####
.##..##...#.##.
.#..##...##.#
.#.##....#
##.#.)..##


You could see a steam dragon.

Vanquished Creatures
  The ghost of gimp the Ogre Mage, an amateur OgWz (D:3)
  Menkaure (D:5)
  3 black bears (D:5)
  2 ogres (D:5)
  A necrophage (D:5)
  3 phantoms
  Blork the orc (D:5)
  A water moccasin skeleton (D:5)
  2 hounds (D:5)
  2 jellies
  3 orc priests
  2 iguanas
  6 adders
  9 gnolls (D:5)
  A shadow imp (D:6)
  An adder skeleton (D:5)
  A worm (D:2)
  2 dart slugs
  6 orcs
  4 bats
  7 endoplasms
  8 giant cockroaches
  3 goblins
  2 hobgoblins
  6 jackals
  11 kobolds
  3 quokkas
  5 ball pythons
  3 frilled lizards
  4 rats
104 creatures vanquished.

Vanquished Creatures (others)
  4 plants (D:3)
4 creatures vanquished.

Grand Total: 108 creatures vanquished

Notes
Turn   | Place    | Note
-------+----------+-------------------------------------------
     0 | D:1      | buddhastalin the Kobold Berserker began the quest for the
                  | Orb.
     0 | D:1      | Reached XP level 1. HP: 14/14 MP: 1/1
   150 | D:1      | Found Foed Vug's Book Shoppe.
   187 | D:1      | Found Yfiuroit's Armour Emporium.
   211 | D:1      | Found Kiemmefa's Antique Armour Emporium.
   218 | D:1      | Reached XP level 2. HP: 19/19 MP: 2/2
  1406 | D:2      | Reached XP level 3. HP: 16/23 MP: 3/3
  1773 | D:2      | Found a blossoming altar of Fedhas.
  1863 | D:2      | Reached skill level 5 in Short Blades
  1884 | D:2      | Reached ** piety under Trog
  2349 | D:3      | Reached XP level 4. HP: 26/29 MP: 4/4
  2502 | D:3      | Reached XP level 5. HP: 5/33 MP: 5/5
  2790 | D:3      | Found a runed translucent gate.
  2791 | D:3      | Found a runed translucent gate.
  2792 | D:3      | Found a runed translucent gate.
  2971 | D:3      | Reached skill level 6 in Short Blades
  3093 | D:3      | Noticed gimp's ghost (amateur OgWz)
  3259 | D:3      | Found a white marble altar of Elyvilon.
  3542 | D:3      | Killed gimp's ghost
  3543 | D:3      | Reached skill level 7 in Short Blades
  3543 | D:3      | Reached XP level 6. HP: 39/39 MP: 6/6
  3679 | D:3      | Reached XP level 7. HP: 44/44 MP: 7/7
  4068 | D:4      | Reached skill level 5 in Fighting
  4660 | D:5      | Entered Level 5 of the Dungeon
  4672 | D:5      | Reached skill level 8 in Short Blades
  4672 | D:5      | Reached skill level 5 in Dodging
  4822 | D:5      | Found a staircase to the Ecumenical Temple.
  5180 | D:5      | Reached XP level 8. HP: 18/51 MP: 8/8
  5421 | D:5      | Noticed Menkaure
  5428 | D:5      | Reached skill level 9 in Short Blades
  5430 | D:5      | Killed Menkaure
  5536 | D:5      | Reached *** piety under Trog
  5846 | D:5      | Reached skill level 10 in Short Blades
  6086 | D:5      | Noticed Blork the orc
  6090 | D:5      | Killed Blork the orc
  6091 | D:5      | Reached XP level 9. HP: 56/56 MP: 9/9
  6566 | D:6      | Found Mioxzipio's Self-Improvement Boutique.
  6942 | D:6      | Reached skill level 11 in Short Blades
  7158 | D:6      | HP: 3/84 [steam dragon] (2)]
  7158 | D:6      | HP: 1/84 [steam dragon (2)]
  7159 | D:6      | Engulfed by a steam dragon's steam

Illustrated notes

Levels and vault maps discovered:
D:1:      co_arrival_random_square_maze, layout_basic, serial_shops,
          nicolae_shop_statue_plus, shop, nicolae_shop_behind_doors
D:2:      layout_rooms, basic_altar
D:3:      layout_rooms, nicolae_elyvilon_temple_path, gammafunk_ghost_split,
          serial_rivers, chequers_serial_rivers_large_a,
          chequers_serial_rivers_micro_e, chequers_serial_rivers_marsh,
          chequers_serial_rivers_room_a, chequers_serial_rivers_room_a,
          chequers_serial_rivers_large_b
D:4:      layout_cave_pools, st_stairs_10
D:5:      layout_loops_cross, minmay_temple_entry_proselytizer,
          uniq_blork_the_orc, uniq_menkaure
D:6:      minmay_evil_eye, layout_gridville, nicolae_shop_self_help

Skill      XL: |  1  2  3  4  5  6  7  8  9 |
---------------+----------------------------+-----
Dodging        | 3 4 5 6 7 |  7.1
Short Blades   | 5 7 8 10 11 | 11.1
Fighting       | 4 5 6 |  6.9
Armour         | |  1.5

Action                   |  1- 3 |  4- 6 |  7- 9 || total
-------------------------+-------+-------+-------++-------
Melee: Short sword       |   131 |    21 |       ||   152
       Punch             |     2 |       |     7 ||     9
       Dagger            |       |    43 |   319 ||   362
Invok: Berserk           |       |     3 |     5 ||     8
  Use: Scroll            |       |     2 |     1 ||     3
 Stab: Sleeping          |     7 |     5 |    10 ||    22
       Distracted        |       |     1 |       ||     1
Armor: Animal skin       |    26 |    11 |    39 ||    76
Dodge: Dodged            |    76 |    25 |   184 ||   285

Table legend: (Time is in decaauts)
 A = Elapsed time spent in this place.
 B = Non-inter-level travel time spent in this place.
 C = Inter-level travel time spent in this place.
 D = Time resting spent in this place.
 E = Time spent auto-exploring this place.
 F = Levels seen in this place.
 G = Mean time per level.
                   A        B        C        D        E       F      G
               +--------+--------+--------+--------+--------+-----+--------+
         Total |   7114 |   6944 |    170 |   2811 |   3229 |   6 | 1185.7 |
       Dungeon |   7114 |   6944 |    170 |   2811 |   3229 |   6 | 1185.7 |
               +--------+--------+--------+--------+--------+-----+--------+

Top non-repeatable levels by time:
     D:5: 1765 daAuts
     D:3: 1624 daAuts
     D:1: 1325 daAuts
     D:4: 938 daAuts
     D:2: 820 daAuts
     D:6: 639 daAuts
